Workbook
Name AREAS_ARQ: [1]Consolidado!$G$7:$BM$276
Name IOM: [2]Valores!$A$3:$A$7
Name smmlv2021: [5]TABLAS!$D$64
Name SUELO_UTIL: [1]SUELO_UTIL!$E$2:$V$997

Sheet Malla vial arterial(12p)NoVisN8
A1: ACTUACIÓN MANZANA SIN ANTEJARDÍN SOBRE MALLA VIAL ARTERIAL
A2: EJERCICIO - APLICANDO NORMA PROPUESTA 2021
A4: Manzana actual
A5: Perfil vía (Carrera 19 C - Av. Tunjuelito) | C5: m | D5: 59
A6: Perfil vía (Calle 56 A Sur) | C6: m | D6: 11.56
A7: Perfil vía (Carrera 19 B) | C7: m | D7: 10.17
A8: Perfil vía (Calle 57 Sur) | C8: m | D8: 12.4
A9: Dimensión antejardines | C9: m | D9: N/A
A10: Dimension voladizo (Carrera 19 C - Av. Tunjuelito) | C10: m | D10: 0.6
A11: Dimension voladizo (Calle 56 A Sur) | C11: m | D11: 0.6
A12: Dimension voladizo (Carera 19 B) | C12: m | D12: 0.6
A13: Dimension voladizo (Calle 57 Sur) | C13: m | D13: 0.6
A14: Voladizo permitido | C14: m | D14: 0.6
A15: Pisos de altura promedio | C15: # | D15: 2
A16: Área de la manzana | C16: m2 | D16: 5313.9177
A17: Tipología | C17: Loteo sin antejardín
A18: Manzana propuesta
A19: Perfil vía (Carrera 19 C - Av. Tunjuelito) | C19: m | D19: 59
A20: Perfil vía (Calle 56 A Sur) | C20: m | D20: 16
A21: Perfil vía (Carrera 19 B) | C21: m | D21: 16
A22: Perfil vía (Calle 57 Sur) | C22: m | D22: 14
A23: Dimensión antejardines | C23: m | D23: N/A
A24: Dimension voladizo (Carrera 19 C - Av. Tunjuelito) | C24: m | D24: 0.6
A25: Dimension voladizo (Calle 56 A Sur) | C25: m | D25: 0.6
A26: Dimension voladizo (Carera 19 B) | C26: m | D26: 0.6
A27: Dimension voladizo (Calle 57 Sur) | C27: m | D27: 0.6
A28: Voladizo permitido | C28: m | D28: 0.6
A29: No. pisos permitidos base | C29: # | D29: 3
A30: No. pisos permitidos adicional | C30: # | D30: 9
A31: Área de la manzana | C31: m2 | D31: 5313.9177
A32: Tipología | C32: Residencial por manzana
A33: Edificabilidad
A34: Englobe (número de lotes) | C34: # | D34: ='Base (12p)NoVisN8'!A56 -> 45
A35: Área total del predio (área bruta urbanizable) | C35: m2 | D35: =D31 -> 5313.9177
A36: Área total construida (actual aproximada) | C36: m2 | D36: ='Base (12p)NoVisN8'!F57 -> 10638.2
A37: Área total construida (propuesta) | C37: m2 | D37: ='Base (12p)NoVisN8'!F7 -> 27132.575
A38: Área adicional propuesta construida | C38: m2 | D38: =D37-D36 -> 16494.375
A39: Área neta urbanizable | C39: m2 | D39: =D35 -> 5313.9177
A40: Indice de construcción actual (básico) | C40: # | D40: =D36/D35 -> 2.0019505
A41: Indice de construcción base (propuesta) | C41: # | D41: =D37/D35 -> 5.1059457
A42: Indice de construcción efectivo (propuesta) | C42: # | D42: =(D138+D137-(D52*42))/D35 -> 3.9904153
A43: Indice adicional (propuesta) | C43: # | D43: =D41-D42 -> 1.1155303
A44: Altura por piso | C44: m | D44: 3.3
A45: Altura piso 1 | C45: m | D45: 3.8
A46: Altura máxima actual | C46: m | D46: 13.2
C47: # | D47: =D29 -> 3
A48: Altura total propuesta | C48: m | D48: =((D49-1)*3.3)+3.8 -> 40.1
C49: # | D49: 12
A50: Número total de viviendas | C50: # | D50: =D51+D52+D53 -> 465
A51: 1 | B51: Número de viviendas VIS (42m2) | C51: # | D51: 0 | E51: =D51/D50 -> 0 | G51: =D50*2.3 -> 1069.5
A52: 2 | B52: Número de viviendas VIP (42m2) | C52: # | D52: 0 | E52: =D52/D50 -> 0 | G52: =(D68+D70)/G51 -> 1.8830843
A53: 3 | B53: Número de viviendas no VIS/VIP (42m2) | C53: # | D53: =INT((D137*100%)/42) -> 465 | E53: =D53/D50 -> 1 | F53: =D53*42 -> 19530
A54: Equipamiento comunal privado
A55: 1 | B55: Equipamiento comunal privado - Comercio/dotacional | C55: m2 | D55: =D138*(10/120) -> 136.72685
A56: 2 | B56: Equipamiento Comunal privado - Vivienda | C56: m2 | D56: =D57+D58 -> 2441.25
A57: 2.1 | B57: Equipamiento comunal privado VIS/VIP | C57: m2 | D57: =6*D52 -> 0
A58: 2.2 | B58: Equipamiento comunal privado no VIS/VIP | C58: m2 | D58: =(D53*42)*(10/80) -> 2441.25
A59: Destinación equipamiento comunal privado - Vivienda
A60: 1 | B60: Servicios comunales en áreas construidas: 20% | C60: m2 | D60: =D56*0.2 -> 488.25
A61: 1.1 | B61: Servicios comunales en primer piso | C61: m2 | D61: =D89 -> 48.825
A62: 1.2 | B62: Servicios comunales en otros pisos | C62: m2 | D62: =+D103+D107+D111+D115+D119+D123+D127+D131+D135+D95 -> 439.425
A63: 2 | B63: Zonas verdes y recreativas en áreas libres: 40% | C63: m2 | D63: =D56*0.4 -> 976.5
A64: 2.1 | B64: Zonas verdes y recreativas en patio | C64: m2 | D64: =529.134734 -> 529.13473
A65: 2.2 | B65: Zonas verdes y recreativas en cubierta | C65: m2 | D65: =D63-D64 -> 447.36527
A66: 3 | B66: Estacionamientos bicicletas y cupos obligatorios: 40% | C66: m2 | D66: =D56*0.4 -> 976.5
A67: Cesiones y retrocesos
A68: 1 | B68: Retroceso de andén en fachadas para alcanzar perfíl vial | C68: m2 | D68: =5313.91772-1597.433-3296.70133 -> 419.78339
C69: % | D69: =D68/D35 -> 0.078996968
A70: 2 | B70: Área privada afecta al uso público/zona verde | C70: m2 | D70: =D35*D71 -> 1594.1753
C71: % | D71: 0.3
A72: Ánden
A73: 1 | B73: Franja existente más cesión por sobre-ancho | C73: m2 | D73: =D68+998.04295 -> 1417.8263
A74: Estacionamientos
A75: Área total de estacionamientos | C75: m2 | D75: =D77+D80+D82+D84 -> 2182.6133
A76: 1 | B76: Estacionamientos | C76: # | D76: =D77/12 -> 113.99676 | F76: Viviendas/Estacionamiento | G76: =D50/D76 -> 4.0790634
C77: m2 | D77: =G87-D80-D82-D84 -> 1367.9611
A78: Cupos obligatorios | C78: m2 | D78: =D80+D82+D84 -> 814.65227
A79: 1 | B79: Bicicletas y micromovilidad | C79: # | D79: =1*D50 -> 465
C80: m2 | D80: =D79*1.3 -> 604.5
A81: 2 | B81: Estacionamientos para personas con discapacidad | C81: # | D81: =INT(D37/3000) -> 9
C82: m2 | D82: =D81*18.5 -> 166.5
A83: 3 | B83: Vehículos cero emiciones | C83: # | D83: =INT(D84/15) -> 2
C84: m2 | D84: =D75*2% -> 43.652267
A85: Áreas y usos por piso
A86: Piso 1 | C86: m2 | D86: ='Base (12p)NoVisN8'!D4 -> 3296.7013 | F86: Estacionamiento por piso (modelo 3d) | G86: 1091.3067
A87: 1 | B87: Comercial - dotacional | C87: m2 | D87: =D86-D88-D89-D91-D90 -> 1640.7222 | F87: Total estacionamient (modelo 3d) | G87: =2*G86 -> 2182.6133
A88: 2 | B88: Estacionamientos | C88: m2 | D88: =G86 -> 1091.3067
A89: 3 | B89: Equipamiento Comunal privado - Vivienda | C89: m2 | D89: =D60-D95 -> 48.825
A90: 4 | B90: Equipamiento comunal privado - Comercio/dotacional | C90: m2 | D90: =D55 -> 136.72685
A91: 5 | B91: PFC | C91: m2 | D91: =D86*D140 -> 379.12065
A92: Piso 2 | C92: m2 | D92: ='Base (12p)NoVisN8'!D4 -> 3296.7013 | F92: =D86+D92+D97+D101+D105+D109+D113+D117+D121+D125+D129+D133 -> 27132.575
A93: 1 | B93: Vivienda | C93: m2 | D93: =D92-D96-D94-D95 -> 1386.849
A94: 2 | B94: Estacionamientos | C94: m2 | D94: =G86 -> 1091.3067
A95: 3 | B95: Equipamiento comunal privado | C95: m3 | D95: =D60*90% -> 439.425
A96: 3 | B96: PFC | C96: m2 | D96: =D92*D140 -> 379.12065
A97: Piso 3 | C97: m2 | D97: ='Base (12p)NoVisN8'!D5 -> 2684.2529
A98: 1 | B98: Vivienda | C98: m2 | D98: =D97-D100-D99 -> 2375.5638
A99: 2 | B99: Estacionamientos | C99: m2 | D99: 0
A100: 3 | B100: PFC | C100: m2 | D100: =D97*D140 -> 308.68908
A101: Piso 4 | C101: m2 | D101: ='Base (12p)NoVisN8'!D6 -> 1983.88
...

Sheet Base (12p)NoVisN8
A1: ÁREA TOTAL CONSTRUIDA MODELACIÓN
A2: NIVEL | B2: No. PISO | D2: ÁREA | E2: AREA TOTAL
B3: # | D3: m2 | F3: m2
A4: Piso 1-2 | B4: 2 | D4: 3296.7013 | E4: M2 | F4: =+D4*B4 -> 6593.4027
A5: Piso 3 | B5: 1 | D5: =D4-612.44843 -> 2684.2529 | E5: M2 | F5: =+D5*B5 -> 2684.2529
A6: Pisos 4-12 | B6: 9 | D6: =2596.32838-612.44843 -> 1983.88 | E6: M2 | F6: =D6*B6 -> 17854.92
A7: Número de Pisos Totales | B7: =SUM(B4:B6) -> 12 | D7: ÁREA TOTAL | E7: M2 | F7: =SUM(F4:F6) -> 27132.575
A9: AREA TOTAL CONSTRUIDA ACTUAL
A10: No. LOTE | B10: AREA PISO | C10: No. PISOS | E10: AREA TOTAL
A11: # | B11: m2 | C11: # | F11: m2
A12: 1 | B12: 45.6 | C12: 1 | E12: M2 | F12: =C12*B12 -> 45.6
A13: 2 | B13: 61.3 | C13: 3 | E13: M2 | F13: =C13*B13 -> 183.9
A14: 3 | B14: 86 | C14: 2 | E14: M2 | F14: =C14*B14 -> 172
A15: 4 | B15: 109.9 | C15: 2 | E15: M2 | F15: =C15*B15 -> 219.8
A16: 5 | B16: 138.9 | C16: 1 | E16: M2 | F16: =C16*B16 -> 138.9
A17: 6 | B17: 139.6 | C17: 2 | E17: M2 | F17: =C17*B17 -> 279.2
A18: 7 | B18: 123 | C18: 2 | E18: M2 | F18: =C18*B18 -> 246
A19: 8 | B19: 67 | C19: 2 | E19: M2 | F19: =C19*B19 -> 134
A20: 9 | B20: 125.6 | C20: 3 | E20: M2 | F20: =C20*B20 -> 376.8
A21: 10 | B21: 170.9 | C21: 3 | E21: M2 | F21: =C21*B21 -> 512.7
A22: 11 | B22: 171 | C22: 1 | E22: M2 | F22: =C22*B22 -> 171
A23: 12 | B23: 170.8 | C23: 2 | E23: M2 | F23: =C23*B23 -> 341.6
... A56: 45 | B56: 47.3 | C56: 2 | E56: M2 | F56: =C56*B56 -> 94.6
A57: Área total del predio | B57: =SUM(B12:B56) -> 5189.2 | C57: Área total constrida actual | E57: M2 | F57: =SUM(F12:F56) -> 10638.2

Sheet Malla vial arterial (12p) Oct26
A1: ACTUACIÓN MANZANA SIN ANTEJARDÍN SOBRE MALLA VIAL ARTERIAL
A2: EJERCICIO - APLICANDO NORMA PROPUESTA 2021
A4: Manzana actual
A5: Perfil vía (Carrera 19 C - Av. Tunjuelito) | C5: m | D5: 59
A6: Perfil vía (Calle 56 A Sur) | C6: m | D6: 11.56
A7: Perfil vía (Carrera 19 B) | C7: m | D7: 10.17
A8: Perfil vía (Calle 57 Sur) | C8: m | D8: 12.4
A9: Dimensión antejardines | C9: m | D9: N/A
A10: Dimension voladizo (Carrera 19 C - Av. Tunjuelito) | C10: m | D10: 0.6
A11: Dimension voladizo (Calle 56 A Sur) | C11: m | D11: 0.6
A12: Dimension voladizo (Carera 19 B) | C12: m | D12: 0.6
A13: Dimension voladizo (Calle 57 Sur) | C13: m | D13: 0.6
A14: Voladizo permitido | C14: m | D14: 0.6
A15: Pisos de altura promedio | C15: # | D15: 2
A16: Área de la manzana | C16: m2 | D16: 5313.9177
A17: Tipología | C17: Loteo sin antejardín
A18: Manzana propuesta | F18: VALOR DE REFERENCIA | G18: 1150000
A19: Perfil vía (Carrera 19 C - Av. Tunjuelito) | C19: m | D19: 59 | F19: VALOR AVALUO CASTRAL | G19: 776364
A20: Perfil vía (Calle 56 A Sur) | C20: m | D20: 16
A21: Perfil vía (Carrera 19 B) | C21: m | D21: 16
A22: Perfil vía (Calle 57 Sur) | C22: m | D22: 14
A23: Dimensión antejardines | C23: m | D23: N/A
A24: Dimension voladizo (Carrera 19 C - Av. Tunjuelito) | C24: m | D24: 0.6
A25: Dimension voladizo (Calle 56 A Sur) | C25: m | D25: 0.6
A26: Dimension voladizo (Carera 19 B) | C26: m | D26: 0.6
A27: Dimension voladizo (Calle 57 Sur) | C27: m | D27: 0.6
A28: Voladizo permitido | C28: m | D28: 0.6
A29: No. pisos permitidos base | C29: # | D29: 3
A30: No. pisos permitidos adicional | C30: # | D30: 9
A31: Área de la manzana | C31: m2 | D31: 5313.9177
A32: Tipología | C32: Residencial por manzana
A33: Edificabilidad
A34: Englobe (número de lotes) | C34: # | D34: ='Base (12p) Oct 26'!A56 -> 45
A35: Área total del predio (área bruta urbanizable) | C35: m2 | D35: =D31 -> 5313.9177
A36: Área total construida (actual aproximada) | C36: m2 | D36: ='Base (12p) Oct 26'!F57 -> 10638.2
A37: Área total construida (propuesta) | C37: m2 | D37: ='Base (12p) Oct 26'!F7 -> 27132.575
A38: Área adicional propuesta construida | C38: m2 | D38: =D37-D36 -> 16494.375
A39: Área neta urbanizable | C39: m2 | D39: =D35 -> 5313.9177
A40: Indice de construcción actual (básico) | C40: # | D40: =D36/D35 -> 2.0019505
A41: Indice de construcción base (propuesta) | C41: # | D41: =D37/D35 -> 5.1059457
A42: Indice de construcción efectivo (propuesta) | C42: # | D42: =(D37-D68-D70)/D39 -> 4.7269487 | E42: =(D37-D68-D70)/D39 -> 4.7269487
A43: Indice adicional (propuesta) | C43: # | D43: =D41-D42 -> 0.37899697
A44: Altura por piso | C44: m | D44: 3.3
A45: Altura piso 1 | C45: m | D45: 3.8
A46: Altura máxima actual | C46: m | D46: 13.2
C47: # | D47: =D29 -> 3
A48: Altura total propuesta | C48: m | D48: =((D49-1)*3.3)+3.8 -> 40.1
C49: # | D49: 12
A50: Número total de viviendas | C50: # | D50: =D51+D52+D53 -> 467
A51: 1 | B51: Número de viviendas VIS (42m2) | C51: # | D51: 0 | E51: =D51/D50 -> 0 | G51: =D50*2.3 -> 1074.1
A52: 2 | B52: Número de viviendas VIP (42m2) | C52: # | D52: =INT((D137*20%)/42) -> 93 | E52: =D52/D50 -> 0.19914347 | F52: =D52*42 -> 3906 | G52: =(D68+D70)/G51 -> 1.8750197
A53: 3 | B53: Número de viviendas no VIS/VIP (42m2) | C53: # | D53: =INT((D137*80%)/42) -> 374 | E53: =D53/D50 -> 0.80085653 | F53: =D53*42 -> 15708
A54: Equipamiento comunal privado
A55: 1 | B55: Equipamiento comunal privado - Comercio/dotacional | C55: m2 | D55: =D138*(10/120) -> 137.87135
A56: 2 | B56: Equipamiento Comunal privado - Vivienda | C56: m2 | D56: =D57+D58 -> 2521.5
A57: 2.1 | B57: Equipamiento comunal privado VIS/VIP | C57: m2 | D57: =6*D52 -> 558 | E57: =D57*0.2 -> 111.6
A58: 2.2 | B58: Equipamiento comunal privado no VIS/VIP | C58: m2 | D58: =(D53*42)*(10/80) -> 1963.5 | E58: =D58*0.2 -> 392.7
A59: Destinación equipamiento comunal privado - Vivienda
A60: 1 | B60: Servicios comunales en áreas construidas: 20% | C60: m2 | D60: =D56*0.2 -> 504.3
A61: 1.1 | B61: Servicios comunales en primer piso | C61: m2 | D61: =D89 -> 50.43
A62: 1.2 | B62: Servicios comunales en otros pisos | C62: m2 | D62: =+D103+D107+D111+D115+D119+D123+D127+D131+D135+D95 -> 453.87
A63: 2 | B63: Zonas verdes y recreativas en áreas libres: 40% | C63: m2 | D63: =D56*0.4 -> 1008.6
A64: 2.1 | B64: Zonas verdes y recreativas en patio | C64: m2 | D64: =529.134734 -> 529.13473
A65: 2.2 | B65: Zonas verdes y recreativas en cubierta | C65: m2 | D65: =D63-D64 -> 479.46527
A66: 3 | B66: Estacionamientos bicicletas y cupos obligatorios: 40% | C66: m2 | D66: =D56*0.4 -> 1008.6
A67: Cesiones y retrocesos
A68: 1 | B68: Retroceso de andén en fachadas para alcanzar perfíl vial | C68: m2 | D68: =5313.91772-1597.433-3296.70133 -> 419.78339
C69: % | D69: =D68/D35 -> 0.078996968
A70: 2 | B70: Área privada afecta al uso público/zona verde | C70: m2 | D70: =D35*D71 -> 1594.1753
C71: % | D71: 0.3
A72: Ánden
A73: 1 | B73: Franja existente más cesión por sobre-ancho | C73: m2 | D73: =D68+998.04295 -> 1417.8263
A74: Estacionamientos
A75: Área total de estacionamientos | C75: m2 | D75: =D77+D80+D82+D84 -> 2182.6133
A76: 1 | B76: Estacionamientos | C76: # | D76: =D77/12 -> 113.78009 | F76: Viviendas/Estacionamiento | G76: =D50/D76 -> 4.1044088
C77: m2 | D77: =G87-D80-D82-D84 -> 1365.3611
A78: Cupos obligatorios | C78: m2 | D78: =D80+D82+D84 -> 817.25227
A79: 1 | B79: Bicicletas y micromovilidad | C79: # | D79: =1*D50 -> 467
C80: m2 | D80: =D79*1.3 -> 607.1
A81: 2 | B81: Estacionamientos para personas con discapacidad | C81: # | D81: =INT(D37/3000) -> 9
C82: m2 | D82: =D81*18.5 -> 166.5
A83: 3 | B83: Vehículos cero emiciones | C83: # | D83: =INT(D84/15) -> 2
C84: m2 | D84: =D75*2% -> 43.652267
A85: Áreas y usos por piso
A86: Piso 1 | C86: m2 | D86: ='Base (12p) Oct 26'!D4 -> 3296.7013 | F86: Estacionamiento por piso (modelo 3d) | G86: 1091.3067
A87: 1 | B87: Comercial - dotacional | C87: m2 | D87: =D86-D88-D89-D91-D90 -> 1654.4562 | F87: Total estacionamient (modelo 3d) | G87: =2*G86 -> 2182.6133
A88: 2 | B88: Estacionamientos | C88: m2 | D88: =G86 -> 1091.3067
A89: 3 | B89: Equipamiento Comunal privado - Vivienda | C89: m2 | D89: =D60-D95 -> 50.43
A90: 4 | B90: Equipamiento comunal privado - Comercio/dotacional | C90: m2 | D90: =D55 -> 137.87135
A91: 5 | B91: PFC | C91: m2 | D91: =D86*D140 -> 362.63715
A92: Piso 2 | C92: m2 | D92: ='Base (12p) Oct 26'!D4 -> 3296.7013
A93: 1 | B93: Vivienda | C93: m2 | D93: =D92-D96-D94-D95 -> 1388.8875
A94: 2 | B94: Estacionamientos | C94: m2 | D94: =G86 -> 1091.3067
A95: 3 | B95: Equipamiento comunal privado | C95: m3 | D95: =D60*90% -> 453.87
A96: 3 | B96: PFC | C96: m2 | D96: =D92*D140 -> 362.63715
A97: Piso 3 | C97: m2 | D97: ='Base (12p) Oct 26'!D5 -> 2684.2529
A98: 1 | B98: Vivienda | C98: m2 | D98: =D97-D100-D99 -> 2388.9851
A99: 2 | B99: Estacionamientos | C99: m2 | D99: 0
A100: 3 | B100: PFC | C100: m2 | D100: =D97*D140 -> 295.26782
A101: Piso 4 | C101: m2 | D101: ='Base (12p) Oct 26'!D6 -> 1983.88
...

Sheet Base (12p) Oct 26
A1: ÁREA TOTAL CONSTRUIDA MODELACIÓN
A2: NIVEL | B2: No. PISO | D2: ÁREA | E2: AREA TOTAL
B3: # | D3: m2 | F3: m2
A4: Piso 1-2 | B4: 2 | D4: 3296.7013 | E4: M2 | F4: =+D4*B4 -> 6593.4027
A5: Piso 3 | B5: 1 | D5: =D4-612.44843 -> 2684.2529 | E5: M2 | F5: =+D5*B5 -> 2684.2529
A6: Pisos 4-12 | B6: 9 | D6: =2596.32838-612.44843 -> 1983.88 | E6: M2 | F6: =D6*B6 -> 17854.92
A7: Número de Pisos Totales | B7: =SUM(B4:B6) -> 12 | D7: ÁREA TOTAL | E7: M2 | F7: =SUM(F4:F6) -> 27132.575
A9: AREA TOTAL CONSTRUIDA ACTUAL
A10: No. LOTE | B10: AREA PISO | C10: No. PISOS | E10: AREA TOTAL
A11: # | B11: m2 | C11: # | F11: m2
A12: 1 | B12: 45.6 | C12: 1 | E12: M2 | F12: =C12*B12 -> 45.6
A13: 2 | B13: 61.3 | C13: 3 | E13: M2 | F13: =C13*B13 -> 183.9
A14: 3 | B14: 86 | C14: 2 | E14: M2 | F14: =C14*B14 -> 172
A15: 4 | B15: 109.9 | C15: 2 | E15: M2 | F15: =C15*B15 -> 219.8
A16: 5 | B16: 138.9 | C16: 1 | E16: M2 | F16: =C16*B16 -> 138.9
A17: 6 | B17: 139.6 | C17: 2 | E17: M2 | F17: =C17*B17 -> 279.2
A18: 7 | B18: 123 | C18: 2 | E18: M2 | F18: =C18*B18 -> 246
A19: 8 | B19: 67 | C19: 2 | E19: M2 | F19: =C19*B19 -> 134
A20: 9 | B20: 125.6 | C20: 3 | E20: M2 | F20: =C20*B20 -> 376.8
A21: 10 | B21: 170.9 | C21: 3 | E21: M2 | F21: =C21*B21 -> 512.7
A22: 11 | B22: 171 | C22: 1 | E22: M2 | F22: =C22*B22 -> 171
A23: 12 | B23: 170.8 | C23: 2 | E23: M2 | F23: =C23*B23 -> 341.6
... A56: 45 | B56: 47.3 | C56: 2 | E56: M2 | F56: =C56*B56 -> 94.6
A57: Área total del predio | B57: =SUM(B12:B56) -> 5189.2 | C57: Área total constrida actual | E57: M2 | F57: =SUM(F12:F56) -> 10638.2

Sheet Malla vial arterial (12p) Nov8
A1: ACTUACIÓN MANZANA SIN ANTEJARDÍN SOBRE MALLA VIAL ARTERIAL
A2: EJERCICIO - APLICANDO NORMA PROPUESTA 2021
A4: Manzana actual
A5: Perfil vía (Carrera 19 C - Av. Tunjuelito) | C5: m | D5: 59
A6: Perfil vía (Calle 56 A Sur) | C6: m | D6: 11.56
A7: Perfil vía (Carrera 19 B) | C7: m | D7: 10.17
A8: Perfil vía (Calle 57 Sur) | C8: m | D8: 12.4
A9: Dimensión antejardines | C9: m | D9: N/A
A10: Dimension voladizo (Carrera 19 C - Av. Tunjuelito) | C10: m | D10: 0.6
A11: Dimension voladizo (Calle 56 A Sur) | C11: m | D11: 0.6
A12: Dimension voladizo (Carera 19 B) | C12: m | D12: 0.6
A13: Dimension voladizo (Calle 57 Sur) | C13: m | D13: 0.6
A14: Voladizo permitido | C14: m | D14: 0.6
A15: Pisos de altura promedio | C15: # | D15: 2
A16: Área de la manzana | C16: m2 | D16: 5313.9177
A17: Tipología | C17: Loteo sin antejardín
A18: Manzana propuesta
A19: Perfil vía (Carrera 19 C - Av. Tunjuelito) | C19: m | D19: 59
A20: Perfil vía (Calle 56 A Sur) | C20: m | D20: 16
A21: Perfil vía (Carrera 19 B) | C21: m | D21: 16
A22: Perfil vía (Calle 57 Sur) | C22: m | D22: 14
A23: Dimensión antejardines | C23: m | D23: N/A
A24: Dimension voladizo (Carrera 19 C - Av. Tunjuelito) | C24: m | D24: 0.6
A25: Dimension voladizo (Calle 56 A Sur) | C25: m | D25: 0.6
A26: Dimension voladizo (Carera 19 B) | C26: m | D26: 0.6
A27: Dimension voladizo (Calle 57 Sur) | C27: m | D27: 0.6
A28: Voladizo permitido | C28: m | D28: 0.6
A29: No. pisos permitidos base | C29: # | D29: 3
A30: No. pisos permitidos adicional | C30: # | D30: 9
A31: Área de la manzana | C31: m2 | D31: 5313.9177
A32: Tipología | C32: Residencial por manzana
A33: Edificabilidad
A34: Englobe (número de lotes) | C34: # | D34: ='Base (12p) Nov 8'!A56 -> 45
A35: Área total del predio (área bruta urbanizable) | C35: m2 | D35: =D31 -> 5313.9177 | L35: 43700
A36: Área total construida (actual aproximada) | C36: m2 | D36: ='Base (12p) Nov 8'!F57 -> 10638.2 | L36: 39350
A37: Área total construida (propuesta) | C37: m2 | D37: ='Base (12p) Nov 8'!F7 -> 27132.575 | L37: =SUM(L35:L36) -> 83050
A38: Área adicional propuesta construida | C38: m2 | D38: =D37-D36 -> 16494.375
A39: Área neta urbanizable | C39: m2 | D39: =D35 -> 5313.9177
A40: Indice de construcción actual (básico) | C40: # | D40: =D36/D35 -> 2.0019505
A41: Indice de construcción base (propuesta) | C41: # | D41: =D37/D35 -> 5.1059457
A42: Indice de construcción efectivo (propuesta) | C42: # | D42: =(D138+D137-(D52*42))/D35 -> 3.2527595
A43: Indice adicional (propuesta) | C43: # | D43: =D41-D42 -> 1.8531862
A44: Altura por piso | C44: m | D44: 3.3
A45: Altura piso 1 | C45: m | D45: 3.8
A46: Altura máxima actual | C46: m | D46: 13.2
C47: # | D47: =D29 -> 3
A48: Altura total propuesta | C48: m | D48: =((D49-1)*3.3)+3.8 -> 40.1
C49: # | D49: 12
A50: Número total de viviendas | C50: # | D50: =D51+D52+D53 -> 465
A51: 1 | B51: Número de viviendas VIS (42m2) | C51: # | D51: 0 | E51: =D51/D50 -> 0 | G51: =D50*2.3 -> 1069.5
A52: 2 | B52: Número de viviendas VIP (42m2) | C52: # | D52: =INT((D137*20%)/42) -> 93 | E52: =D52/D50 -> 0.2 | F52: =D52*42 -> 3906 | G52: =(D68+D70)/G51 -> 1.8830843
A53: 3 | B53: Número de viviendas no VIS/VIP (42m2) | C53: # | D53: =INT((D137*80%)/42) -> 372 | E53: =D53/D50 -> 0.8 | F53: =D53*42 -> 15624
A54: Equipamiento comunal privado
A55: 1 | B55: Equipamiento comunal privado - Comercio/dotacional | C55: m2 | D55: =D138*(10/120) -> 136.61954
A56: 2 | B56: Equipamiento Comunal privado - Vivienda | C56: m2 | D56: =D57+D58 -> 2511
A57: 2.1 | B57: Equipamiento comunal privado VIS/VIP | C57: m2 | D57: =6*D52 -> 558 | E57: =D57*0.2 -> 111.6
A58: 2.2 | B58: Equipamiento comunal privado no VIS/VIP | C58: m2 | D58: =(D53*42)*(10/80) -> 1953 | E58: =D58*0.2 -> 390.6
A59: Destinación equipamiento comunal privado - Vivienda
A60: 1 | B60: Servicios comunales en áreas construidas: 20% | C60: m2 | D60: =D56*0.2 -> 502.2
A61: 1.1 | B61: Servicios comunales en primer piso | C61: m2 | D61: =D89 -> 50.22
A62: 1.2 | B62: Servicios comunales en otros pisos | C62: m2 | D62: =+D103+D107+D111+D115+D119+D123+D127+D131+D135+D95 -> 451.98
A63: 2 | B63: Zonas verdes y recreativas en áreas libres: 40% | C63: m2 | D63: =D56*0.4 -> 1004.4
A64: 2.1 | B64: Zonas verdes y recreativas en patio | C64: m2 | D64: =529.134734 -> 529.13473
A65: 2.2 | B65: Zonas verdes y recreativas en cubierta | C65: m2 | D65: =D63-D64 -> 475.26527
A66: 3 | B66: Estacionamientos bicicletas y cupos obligatorios: 40% | C66: m2 | D66: =D56*0.4 -> 1004.4
A67: Cesiones y retrocesos
A68: 1 | B68: Retroceso de andén en fachadas para alcanzar perfíl vial | C68: m2 | D68: =5313.91772-1597.433-3296.70133 -> 419.78339
C69: % | D69: =D68/D35 -> 0.078996968
A70: 2 | B70: Área privada afecta al uso público/zona verde | C70: m2 | D70: =D35*D71 -> 1594.1753
C71: % | D71: 0.3
A72: Ánden
A73: 1 | B73: Franja existente más cesión por sobre-ancho | C73: m2 | D73: =D68+998.04295 -> 1417.8263
A74: Estacionamientos
A75: Área total de estacionamientos | C75: m2 | D75: =D77+D80+D82+D84 -> 2182.6133
A76: 1 | B76: Estacionamientos | C76: # | D76: =D77/12 -> 113.99676 | F76: Viviendas/Estacionamiento | G76: =D50/D76 -> 4.0790634
C77: m2 | D77: =G87-D80-D82-D84 -> 1367.9611
A78: Cupos obligatorios | C78: m2 | D78: =D80+D82+D84 -> 814.65227
A79: 1 | B79: Bicicletas y micromovilidad | C79: # | D79: =1*D50 -> 465
C80: m2 | D80: =D79*1.3 -> 604.5
A81: 2 | B81: Estacionamientos para personas con discapacidad | C81: # | D81: =INT(D37/3000) -> 9
C82: m2 | D82: =D81*18.5 -> 166.5
A83: 3 | B83: Vehículos cero emiciones | C83: # | D83: =INT(D84/15) -> 2
C84: m2 | D84: =D75*2% -> 43.652267
A85: Áreas y usos por piso
A86: Piso 1 | C86: m2 | D86: ='Base (12p) Nov 8'!D4 -> 3296.7013 | F86: Estacionamiento por piso (modelo 3d) | G86: 1091.3067
A87: 1 | B87: Comercial - dotacional | C87: m2 | D87: =D86-D88-D89-D91-D90 -> 1639.4345 | F87: Total estacionamient (modelo 3d) | G87: =2*G86 -> 2182.6133
A88: 2 | B88: Estacionamientos | C88: m2 | D88: =G86 -> 1091.3067
A89: 3 | B89: Equipamiento Comunal privado - Vivienda | C89: m2 | D89: =D60-D95 -> 50.22
A90: 4 | B90: Equipamiento comunal privado - Comercio/dotacional | C90: m2 | D90: =D55 -> 136.61954
A91: 5 | B91: PFC | C91: m2 | D91: =D86*D140 -> 379.12065
A92: Piso 2 | C92: m2 | D92: ='Base (12p) Nov 8'!D4 -> 3296.7013
A93: 1 | B93: Vivienda | C93: m2 | D93: =D92-D96-D94-D95 -> 1374.294
A94: 2 | B94: Estacionamientos | C94: m2 | D94: =G86 -> 1091.3067
A95: 3 | B95: Equipamiento comunal privado | C95: m3 | D95: =D60*90% -> 451.98
A96: 3 | B96: PFC | C96: m2 | D96: =D92*D140 -> 379.12065
A97: Piso 3 | C97: m2 | D97: ='Base (12p) Nov 8'!D5 -> 2684.2529
A98: 1 | B98: Vivienda | C98: m2 | D98: =D97-D100-D99 -> 2375.5638
A99: 2 | B99: Estacionamientos | C99: m2 | D99: 0
A100: 3 | B100: PFC | C100: m2 | D100: =D97*D140 -> 308.68908
A101: Piso 4 | C101: m2 | D101: ='Base (12p) Nov 8'!D6 -> 1983.88
...

Sheet Base (12p) Nov 8
A1: ÁREA TOTAL CONSTRUIDA MODELACIÓN
A2: NIVEL | B2: No. PISO | D2: ÁREA | E2: AREA TOTAL
B3: # | D3: m2 | F3: m2
A4: Piso 1-2 | B4: 2 | D4: 3296.7013 | E4: M2 | F4: =+D4*B4 -> 6593.4027
A5: Piso 3 | B5: 1 | D5: =D4-612.44843 -> 2684.2529 | E5: M2 | F5: =+D5*B5 -> 2684.2529
A6: Pisos 4-12 | B6: 9 | D6: =2596.32838-612.44843 -> 1983.88 | E6: M2 | F6: =D6*B6 -> 17854.92
A7: Número de Pisos Totales | B7: =SUM(B4:B6) -> 12 | D7: ÁREA TOTAL | E7: M2 | F7: =SUM(F4:F6) -> 27132.575
A9: AREA TOTAL CONSTRUIDA ACTUAL
A10: No. LOTE | B10: AREA PISO | C10: No. PISOS | E10: AREA TOTAL
A11: # | B11: m2 | C11: # | F11: m2
A12: 1 | B12: 45.6 | C12: 1 | E12: M2 | F12: =C12*B12 -> 45.6
A13: 2 | B13: 61.3 | C13: 3 | E13: M2 | F13: =C13*B13 -> 183.9
A14: 3 | B14: 86 | C14: 2 | E14: M2 | F14: =C14*B14 -> 172
A15: 4 | B15: 109.9 | C15: 2 | E15: M2 | F15: =C15*B15 -> 219.8
A16: 5 | B16: 138.9 | C16: 1 | E16: M2 | F16: =C16*B16 -> 138.9
A17: 6 | B17: 139.6 | C17: 2 | E17: M2 | F17: =C17*B17 -> 279.2
A18: 7 | B18: 123 | C18: 2 | E18: M2 | F18: =C18*B18 -> 246
A19: 8 | B19: 67 | C19: 2 | E19: M2 | F19: =C19*B19 -> 134
A20: 9 | B20: 125.6 | C20: 3 | E20: M2 | F20: =C20*B20 -> 376.8
A21: 10 | B21: 170.9 | C21: 3 | E21: M2 | F21: =C21*B21 -> 512.7
A22: 11 | B22: 171 | C22: 1 | E22: M2 | F22: =C22*B22 -> 171
A23: 12 | B23: 170.8 | C23: 2 | E23: M2 | F23: =C23*B23 -> 341.6
... A56: 45 | B56: 47.3 | C56: 2 | E56: M2 | F56: =C56*B56 -> 94.6
A57: Área total del predio | B57: =SUM(B12:B56) -> 5189.2 | C57: Área total constrida actual | E57: M2 | F57: =SUM(F12:F56) -> 10638.2

Sheet FAC_MI Tunal 12P
D1: PARAMETROS | J1: PARAMETROS | P1: PARAMETROS
D2: SMMLV | E2: 908.526 | J2: SMMLV | K2: 908.526 | P2: SMMLV | Q2: 908.526
D3: Av / Ac = | E3: 1 | G3: Area del predio: | H3: ='Malla vial arterial (12p) Oct26'!D35 -> 5313.9177 | J3: Av / Ac = | K3: 1 | M3: Area del predio: | N3: ='Malla vial arterial (12p) Nov8'!D35 -> 5313.9177 | P3: Av / Ac = | Q3: 1 | S3: Area del predio: | T3: ='Malla vial arterial(12p)NoVisN8'!D35 -> 5313.9177
D4: A vivienda VIS/VIP | E4: 42 | G4: Area Construida (Ic): | H4: =SUM('Malla vial arterial (12p) Oct26'!D137:D138) -> 21323.207 | J4: A vivienda VIS/VIP | K4: 42 | M4: Area Construida (Ic): | N4: =N5*N3 -> 17284.896 | P4: A vivienda VIS/VIP | Q4: 42 | S4: Area Construida (Ic): | T4: =T5*T3 -> 21204.739
D5: A vivienda NO VIS | E5: 42 | G5: Ind. Construcción | H5: =H4/H3 -> 4.0127093 | J5: A vivienda NO VIS | K5: 42 | M5: Ind. Construcción | N5: ='Malla vial arterial (12p) Nov8'!D42 -> 3.2527595 | P5: A vivienda NO VIS | Q5: 42 | S5: Ind. Construcción | T5: ='Malla vial arterial(12p)NoVisN8'!D42 -> 3.9904153
D6: Valor cat. suelo | E6: ='Malla vial arterial (12p) Oct26'!G19/1000 -> 776.364 | G6: > Vlr Suelo: | H6: 0.5 | J6: Valor cat. suelo | K6: =E6 -> 776.364 | M6: > Vlr Suelo: | N6: 0.5 | P6: Valor cat. suelo | Q6: =K6 -> 776.364 | S6: > Vlr Suelo: | T6: 0.5
D7: Valor com. suelo | G7: Valor proy. Suelo | H7: =E6*(1+H6) -> 1164.546 | J7: Valor com. suelo | M7: Valor proy. Suelo | N7: =K6*(1+N6) -> 1164.546 | P7: Valor com. suelo | S7: Valor proy. Suelo | T7: =Q6*(1+T6) -> 1164.546
D8: Valor ref. suelo | E8: ='Malla vial arterial (12p) Oct26'!G18/1000 -> 1150 | H8: =IF(H7>=E8,"ok","revisar") -> ok | J8: Valor ref. suelo | K8: =E8 -> 1150 | N8: =IF(N7>=K8,"ok","revisar") -> ok | P8: Valor ref. suelo | Q8: =K8 -> 1150 | T8: =IF(T7>=Q8,"ok","revisar") -> ok
B10: APROVECHAMIENTOS | D10: ='Malla vial arterial (12p) Oct26'!A1 -> ACTUACIÓN MANZANA SIN ANTEJARDÍN SOBRE MALLA VIAL ARTERIAL | H10: 12P (Oct 26 2021) | J10: ='Malla vial arterial (12p) Nov8'!A1 -> ACTUACIÓN MANZANA SIN ANTEJARDÍN SOBRE MALLA VIAL ARTERIAL | N10: 12P (Nov 8 2021) | P10: ='Malla vial arterial(12p)NoVisN8'!A1 -> ACTUACIÓN MANZANA SIN ANTEJARDÍN SOBRE MALLA VIAL ARTERIAL | T10: 12P No VIS (Nov 8 2021)
D11: UNIDADES | E11: VLR / Und | F11: VLR / M2 | G11: VLR | H11: SMMLV | J11: UNIDADES | K11: VLR / Und | L11: VLR / M2 | M11: VLR | N11: SMMLV | P11: UNIDADES | Q11: VLR / Und | R11: VLR / M2 | S11: VLR | T11: SMMLV
B12: VIP | D12: ='Malla vial arterial (12p) Oct26'!D52 -> 93 | E12: =H12*$E$2 -> 81767.34 | F12: =E12/E4 -> 1946.8414 | G12: =E12*D12 -> 7604362.6 | H12: 90 | J12: ='Malla vial arterial (12p) Nov8'!D52 -> 93 | K12: =N12*$E$2 -> 81767.34 | L12: =K12/K4 -> 1946.8414 | M12: =K12*J12 -> 7604362.6 | N12: 90 | Q12: =T12*$E$2 -> 81767.34 | R12: =Q12/Q4 -> 1946.8414 | S12: =Q12*P12 -> 0 | T12: 90
D13: =D12 -> 93 | E13: =D13*E4 -> 3906 | F13: =E13+'Malla vial arterial (12p) Oct26'!G137+'Malla vial arterial (12p) Oct26'!K137+'Malla vial arterial (12p) Oct26'!E57 -> 4576.7475 | G13: =SUM(G12:G12) -> 7604362.6 | H13: =G13/G$36 -> 0.099434549 | J13: =J12 -> 93 | K13: =J13*K4 -> 3906 | L13: =K13+'Malla vial arterial (12p) Nov8'!G137+'Malla vial arterial (12p) Nov8'!K137+'Malla vial arterial (12p) Nov8'!E57 -> 4597.662 | M13: =SUM(M12:M12) -> 7604362.6 | N13: =M13/M$36 -> 0.099953029 | P13: =P12 -> 0 | Q13: =P13*Q4 -> 0 | S13: =SUM(S12:S12) -> 0 | T13: =S13/S$36 -> 0
E14: =IFERROR(E13/F13,0) -> 0.85344451 | K14: =IFERROR(K13/L13,0) -> 0.84956224 | Q14: =IFERROR(Q13/R13,0) -> 0
B16: VIS | D16: 0 | E16: =H16*$E$2 -> 0 | F16: =E16/E4 -> 0 | G16: =E16*D16 -> 0 | H16: 0 | K16: =N16*$E$2 -> 0 | L16: =K16/K4 -> 0 | M16: =K16*J16 -> 0 | N16: 0 | Q16: =T16*$E$2 -> 0 | R16: =Q16/Q4 -> 0 | S16: =Q16*P16 -> 0 | T16: 0
D17: =D15+D16 -> 0 | E17: =D17*E4 -> 0 | F17: 0 | G17: =SUM(G15:G16) -> 0 | H17: =G17/G$36 -> 0 | J17: =J15+J16 -> 0 | K17: =J17*K4 -> 0 | M17: =SUM(M15:M16) -> 0 | N17: =M17/M$36 -> 0 | P17: =P15+P16 -> 0 | Q17: =P17*Q4 -> 0 | S17: =SUM(S15:S16) -> 0 | T17: =S17/S$36 -> 0
E18: =IFERROR(E17/F17,0) -> 0 | K18: =IFERROR(K17/L17,0) -> 0 | Q18: =IFERROR(Q17/R17,0) -> 0
B20: No VIS | D20: ='Malla vial arterial (12p) Oct26'!D53 -> 374 | E20: =H20*$E$2 -> 163800 | F20: =E20/E5 -> 3900 | G20: =E20*D20 -> 61261200 | H20: 180.29203 | J20: ='Malla vial arterial (12p) Nov8'!D53 -> 372 | K20: =N20*$E$2 -> 163800 | L20: =K20/K5 -> 3900 | M20: =K20*J20 -> 60933600 | N20: 180.29203 | P20: ='Malla vial arterial(12p)NoVisN8'!D53 -> 465 | Q20: =T20*$E$2 -> 163800 | R20: =Q20/Q5 -> 3900 | S20: =Q20*P20 -> 76167000 | T20: 180.29203
D21: =D20 -> 374 | E21: =D20*E5 -> 15708 | F21: =E21+'Malla vial arterial (12p) Oct26'!H137+'Malla vial arterial (12p) Oct26'!L137+'Malla vial arterial (12p) Oct26'!E58 -> 18349.315 | G21: =SUM(G20:G20) -> 61261200 | H21: =G21/G$36 -> 0.80105067 | J21: =J20 -> 372 | K21: =J20*K5 -> 15624 | L21: =K21+'Malla vial arterial (12p) Nov8'!H137+'Malla vial arterial (12p) Nov8'!L137+'Malla vial arterial (12p) Nov8'!E58 -> 18334.848 | M21: =SUM(M20:M20) -> 60933600 | N21: =M21/M$36 -> 0.80092155 | P21: =P20 -> 465 | Q21: =P20*Q5 -> 19530 | R21: =Q21+'Malla vial arterial(12p)NoVisN8'!H137+'Malla vial arterial(12p)NoVisN8'!L137+'Malla vial arterial(12p)NoVisN8'!D60 -> 22931.083 | S21: =SUM(S20:S20) -> 76167000 | T21: =S21/S$36 -> 0.90984432
E22: =IFERROR(E21/F21,0) -> 0.85605377 | K22: =IFERROR(K21/L21,0) -> 0.85214779 | Q22: =IFERROR(Q21/R21,0) -> 0.85168241
B24: Comercio | D24: ='Malla vial arterial (12p) Oct26'!D138 -> 1654.4562 | F24: 4600 | G24: =F24*D24 -> 7610498.4 | J24: ='Malla vial arterial (12p) Nov8'!D138 -> 1639.4345 | L24: 4600 | M24: =L24*J24 -> 7541398.6 | P24: ='Malla vial arterial(12p)NoVisN8'!D138 -> 1640.7222 | R24: 4600 | S24: =R24*P24 -> 7547321.9
D25: =D24/30 -> 55.148539 | E25: =D24 -> 1654.4562 | F25: =E25+'Malla vial arterial (12p) Oct26'!J138+'Malla vial arterial (12p) Oct26'!D90 -> 2023.8997 | G25: =SUM(G24:G24) -> 7610498.4 | H25: =G25/G$36 -> 0.09951478 | J25: =J24/30 -> 54.647816 | K25: =J24 -> 1639.4345 | L25: =K25+'Malla vial arterial (12p) Nov8'!J138+'Malla vial arterial (12p) Nov8'!D90 -> 2017.452 | M25: =SUM(M24:M24) -> 7541398.6 | N25: =M25/M$36 -> 0.099125419 | P25: =P24/30 -> 54.690739 | Q25: =P24 -> 1640.7222 | R25: =Q25+'Malla vial arterial(12p)NoVisN8'!J138+'Malla vial arterial(12p)NoVisN8'!D90 -> 2018.8789 | S25: =SUM(S24:S24) -> 7547321.9 | T25: =S25/S$36 -> 0.090155684
E26: =IFERROR(E25/F25,0) -> 0.81745955 | K26: =IFERROR(K25/L25,0) -> 0.81262627 | Q26: =IFERROR(Q25/R25,0) -> 0.81268975
B28: Servicios | D28: 0 | F28: 0 | G28: =F28*D28 -> 0 | L28: 0 | M28: =L28*J28 -> 0 | R28: 0 | S28: =R28*P28 -> 0
D29: =D28/80 -> 0 | E29: =D28 -> 0 | F29: 0 | G29: =SUM(G28:G28) -> 0 | H29: =G29/G$36 -> 0 | J29: =J28/80 -> 0 | K29: =J28 -> 0 | M29: =SUM(M28:M28) -> 0 | N29: =M29/M$36 -> 0 | P29: =P28/80 -> 0 | Q29: =P28 -> 0 | S29: =SUM(S28:S28) -> 0 | T29: =S29/S$36 -> 0
E30: =IFERROR(E29/F29,0) -> 0 | K30: =IFERROR(K29/L29,0) -> 0 | Q30: =IFERROR(Q29/R29,0) -> 0
B32: Dotacional privado | D32: 0 | F32: 0 | G32: =F32*D32 -> 0 | L32: 0 | M32: =L32*J32 -> 0 | R32: 0 | S32: =R32*P32 -> 0
D33: =D32/80 -> 0 | E33: =D32 -> 0 | F33: 0 | G33: =SUM(G32:G32) -> 0 | H33: =G33/G$36 -> 0 | J33: =J32/80 -> 0 | K33: =J32 -> 0 | M33: =SUM(M32:M32) -> 0 | N33: =M33/M$36 -> 0 | P33: =P32/80 -> 0 | Q33: =P32 -> 0 | S33: =SUM(S32:S32) -> 0 | T33: =S33/S$36 -> 0
E34: =IFERROR(E33/F33,0) -> 0 | K34: =IFERROR(K33/L33,0) -> 0 | Q34: =IFERROR(Q33/R33,0) -> 0
B36: 1. TOTAL APROVECHAMIENTO | D36: ='Malla vial arterial (12p) Oct26'!D49 -> 12 | E36: =E13+E17+E21+E25+E29 -> 21268.456 | F36: =F13+F17+F21+F25+F29 -> 24949.962 | G36: =G13+G17+G21+G25+G29 -> 76476061 | H36: 1 | J36: ='Malla vial arterial (12p) Nov8'!D49 -> 12 | K36: =K13+K17+K21+K25+K29 -> 21169.434 | L36: =L13+L17+L21+L25+L29 -> 24949.962 | M36: =M13+M17+M21+M25+M29 -> 76079361 | N36: 1 | P36: ='Malla vial arterial(12p)NoVisN8'!D49 -> 12 | Q36: =Q13+Q17+Q21+Q25+Q29 -> 21170.722 | R36: =R13+R17+R21+R25+R29 -> 24949.962 | S36: =S13+S17+S21+S25+S29 -> 83714322 | T36: 1
B38: COSTOS | E38: 1000 | F38: =F75 -> -1.4525911 | G38: =G77 -> -1341466 | H38: =H77 -> -0.017540992 | K38: 1000 | L38: =L75 -> -1.4594105 | M38: =M77 -> -1423336.3 | N38: =N77 -> -0.018708573 | Q38: 1000 | R38: =R75 -> -0.78132839 | S38: =S77 -> 3536336.5 | T38: =T77 -> 0.042242909
B39: OBLIGACION Y APORTE POR EDIFICABILIDAD | G39: =SUM(G42:G47) -> 259805.63 | H39: =G39/G36 -> 0.0033972151 | M39: =SUM(M42:M47) -> 39110.434 | N39: =M39/M36 -> 0.00051407417 | S39: =SUM(S42:S47) -> 39110.434 | T39: =S39/S36 -> 0.00046718929
B40: FACTORES | D40: 0.1 | E40: =E41/H3 -> 0 | F40: 0.3 | J40: 0.1 | K40: =K41/N3 -> 0 | L40: 0.3 | P40: 0.1 | Q40: =Q41/T3 -> 0 | R40: 0.3
B41: (CSs) Cesión suelo Espacio Público | D41: =D40*H3 -> 531.39177 | E41: 0 | F41: =F40*H3 -> 1594.1753 | J41: =J40*N3 -> 531.39177 | K41: 0 | L41: =L40*N3 -> 1594.1753 | P41: =P40*T3 -> 531.39177 | Q41: 0 | R41: =R40*T3 -> 1594.1753
B42: (Vcomp) Valor Comp. CSs | D42: 400 | E42: 0.8 | G42: =IF(F41<D42,F41*(E8*E42),) -> 0 | H42: =G42/G36 -> 0 | J42: 400 | K42: 0.8 | M42: =IF(L41<J42,L41*(K8*K42),) -> 0 | N42: =M42/M36 -> 0 | P42: 400 | Q42: 0.8 | S42: =IF(R41<P42,R41*(Q8*Q42),) -> 0 | T42: =S42/S36 -> 0
B43: (PD) Pago compensatorio en dinero | E43: 0.75 | F43: 0 | G43: =E41*E8*E43 -> 0 | H43: =G43/G36 -> 0 | K43: 0.75 | L43: 0 | M43: =K41*K8*K43 -> 0 | N43: =M43/M36 -> 0 | Q43: 0.75 | R43: 0 | S43: =Q41*Q8*Q43 -> 0 | T43: =S43/S36 -> 0
B44: (OSP) Obligación redes servicios públicos | E44: 0.064 | F44: 0 | G44: =D41*E8*E44 -> 39110.434 | H44: =G44/G36 -> 0.00051140754 | K44: 0.064 | L44: 0 | M44: =J41*K8*K44 -> 39110.434 | N44: =M44/M36 -> 0.00051407417 | Q44: 0.064 | R44: 0 | S44: =P41*Q8*Q44 -> 39110.434 | T44: =S44/S36 -> 0.00046718929
B45: Obligación VIP | D45: =+(IF(H5<4,0,IF(H5<=5,0.05,IF(H5<=6,0.1,IF(H5<=7,0.1,IF(H5<=11,0.1)))))*H4) -> 1066.1604 | E45: 0.18 | G45: =D45*E8*E45 -> 220695.19 | H45: =G45/G36 -> 0.0028858075 | J45: =+(IF(N5<4,0,IF(N5<=5,0.05,IF(N5<=6,0.1,IF(N5<=7,0.1,IF(N5<=11,0.1)))))*N4) -> 0 | K45: 0.18 | M45: =J45*K8*K45 -> 0 | N45: =M45/M36 -> 0 | P45: =+(IF(T5<4,0,IF(T5<=5,0.05,IF(T5<=6,0.1,IF(T5<=7,0.1,IF(T5<=11,0.1)))))*T4) -> 0 | Q45: 0.18 | S45: =P45*Q8*Q45 -> 0 | T45: =S45/S36 -> 0
B46: Obligación VIS | D46: 0 | E46: 0.18 | F46: 0 | G46: =D46*E8*E46 -> 0 | H46: =G46/G36 -> 0 | J46: 0 | K46: 0.18 | L46: 0 | M46: =J46*K8*K46 -> 0 | N46: =M46/M36 -> 0 | P46: 0 | Q46: 0.18 | R46: 0 | S46: =P46*Q8*Q46 -> 0 | T46: =S46/S36 -> 0
B47: Pago Compensatorio Parq. Adicionales | D47: 0 | E47: 0.1 | F47: 0 | G47: =D47*E47*E8 -> 0 | H47: =G47/G36 -> 0 | J47: 0 | K47: 0.1 | L47: 0 | M47: =J47*K47*K8 -> 0 | N47: =M47/M36 -> 0 | P47: 0 | Q47: 0.1 | R47: 0 | S47: =P47*Q47*Q8 -> 0 | T47: =S47/S36 -> 0
B49: OBRAS EN ESPACIO PUBLICO (URB) Y DEMOLICIONES | G49: =SUM(G50:G52) -> 2144472.9 | H49: =G49/G36 -> 0.028041101 | M49: =SUM(M50:M52) -> 2144472.9 | N49: =M49/M36 -> 0.028187315 | S49: =SUM(S50:S52) -> 2144472.9 | T49: =S49/S36 -> 0.02561656
B50: Obras en espacio público (Andenes) | E50: ='Malla vial arterial (12p) Oct26'!D73 -> 1417.8263 | F50: 200 | G50: =E50*F50 -> 283565.27 | K50: ='Malla vial arterial (12p) Nov8'!D73 -> 1417.8263 | L50: 200 | M50: =K50*L50 -> 283565.27 | Q50: ='Malla vial arterial(12p)NoVisN8'!D73 -> 1417.8263 | R50: 200 | S50: =Q50*R50 -> 283565.27
B51: Dotación Espacio Público | E51: =IF(F41>400,F41,) -> 1594.1753 | F51: 500 | G51: =E51*F51 -> 797087.66 | K51: =IF(L41>400,L41,) -> 1594.1753 | L51: 500 | M51: =K51*L51 -> 797087.66 | Q51: =IF(R41>400,R41,) -> 1594.1753 | R51: 500 | S51: =Q51*R51 -> 797087.66
B52: Demoliciones | E52: ='Base (12p) Oct 26'!F57 -> 10638.2 | F52: 100 | G52: =E52*F52 -> 1063820 | K52: ='Base (12p) Nov 8'!F57 -> 10638.2 | L52: 100 | M52: =K52*L52 -> 1063820 | Q52: ='Base (12p)NoVisN8'!F57 -> 10638.2 | R52: 100 | S52: =Q52*R52 -> 1063820
B54: COSTO DIRECTO | G54: =SUM(G56:G62) -> 51635453 | H54: =G54/G36 -> 0.67518452 | M54: =SUM(M56:M62) -> 51632559 | N54: =M54/M36 -> 0.6786671 | S54: =SUM(S56:S62) -> 52551806 | T54: =S54/S36 -> 0.62775168
B56: =B12 -> VIP | D56: =F13 -> 4576.7475 | E56: 1800 | G56: =D56*(E56+F56) -> 8238145.5 | H56: =G56/G36 -> 0.10772189 | J56: =L13 -> 4597.662 | K56: 1800 | M56: =J56*(K56+L56) -> 8275791.5 | N56: =M56/M36 -> 0.1087784 | P56: =R13 -> 0 | Q56: 0 | S56: =P56*(Q56+R56) -> 0 | T56: =S56/S36 -> 0
B57: =B16 -> VIS | D57: =F17 -> 0 | E57: 0 | G57: =D57*(E57+F57) -> 0 | H57: =G57/G36 -> 0 | J57: =L17 -> 0 | K57: 0 | M57: =J57*(K57+L57) -> 0 | N57: =M57/M36 -> 0 | P57: =R17 -> 0 | Q57: 0 | S57: =P57*(Q57+R57) -> 0 | T57: =S57/S36 -> 0
B58: =B20 -> No VIS | D58: =F21 -> 18349.315 | E58: 2000 | G58: =D58*(E58+F58) -> 36698629 | H58: =G58/G36 -> 0.47987081 | J58: =L21 -> 18334.848 | K58: 2000 | M58: =J58*(K58+L58) -> 36669696 | N58: =M58/M36 -> 0.48199269 | P58: =R21 -> 22931.083 | Q58: 2000 | S58: =P58*(Q58+R58) -> 45862166 | T58: =S58/S36 -> 0.54784133
B59: =B24 -> Comercio | D59: =F25 -> 2023.8997 | E59: 1800 | G59: =D59*(E59+F59) -> 3643019.5 | H59: =G59/G36 -> 0.047636077 | J59: =L25 -> 2017.452 | K59: 1800 | M59: =J59*(K59+L59) -> 3631413.5 | N59: =M59/M36 -> 0.047731914 | P59: =R25 -> 2018.8789 | Q59: 1800 | S59: =P59*(Q59+R59) -> 3633981.9 | T59: =S59/S36 -> 0.043409322
B60: =B28 -> Servicios | D60: =F29 -> 0 | E60: 0 | G60: =D60*(E60+F60) -> 0 | H60: =G60/G36 -> 0 | J60: =L29 -> 0 | K60: 0 | M60: =J60*(K60+L60) -> 0 | N60: =M60/M36 -> 0 | P60: =R29 -> 0 | Q60: 0 | S60: =P60*(Q60+R60) -> 0 | T60: =S60/S36 -> 0
B61: Dotacional (Teatro) | D61: 0 | E61: 0 | G61: =D61*E61 -> 0 | H61: =G61/G36 -> 0 | J61: 0 | K61: 0 | M61: =J61*K61 -> 0 | N61: =M61/M36 -> 0 | P61: 0 | Q61: 0 | S61: =P61*Q61 -> 0 | T61: =S61/S36 -> 0
B62: Estacionamientos | D62: ='Malla vial arterial (12p) Oct26'!D88+'Malla vial arterial (12p) Oct26'!D94 -> 2182.6133 | E62: 1400 | G62: =D62*E62 -> 3055658.7 | H62: =G62/G36 -> 0.039955754 | J62: ='Malla vial arterial (12p) Nov8'!D88+'Malla vial arterial (12p) Nov8'!D94 -> 2182.6133 | K62: 1400 | M62: =J62*K62 -> 3055658.7 | N62: =M62/M36 -> 0.040164095 | P62: ='Malla vial arterial(12p)NoVisN8'!D88+'Malla vial arterial(12p)NoVisN8'!D94 -> 2182.6133 | Q62: 1400 | S62: =P62*Q62 -> 3055658.7 | T62: =S62/S36 -> 0.036501026
D63: =SUM(D56:D61) -> 24949.962 | E63: =SUM(D61:D62)+D63 -> 27132.575 | F63: =G54/E63 -> 1903.0797 | J63: =SUM(J56:J61) -> 24949.962 | K63: =SUM(J61:J62)+J63 -> 27132.575 | L63: =M54/K63 -> 1902.9731 | P63: =SUM(P56:P61) -> 24949.962 | Q63: =SUM(P61:P62)+P63 -> 27132.575 | R63: =S54/Q63 -> 1936.8529
B65: COSTOS INDIRECTOS | E65: 0.23 | G65: =E65*G36 -> 17589494 | H65: =G65/G36 -> 0.23 | K65: 0.23 | M65: =K65*M36 -> 17498253 | N65: =M65/M36 -> 0.23 | Q65: 0.23 | S65: =Q65*S36 -> 19254294 | T65: =S65/S36 -> 0.23
B66: Vts. / Hon. / Imp. / Fin. / | F66: =G65/E63 -> 648.27957 | L66: =M65/K63 -> 644.91678 | R66: =S65/Q63 -> 709.63755
B67: 2. TOTAL COSTOS | G67: =G39+G49+G54+G65 -> 71629225 | H67: =G67/G36 -> 0.93662284 | M67: =M39+M49+M54+M65 -> 71314396 | N67: =M67/M36 -> 0.93736849 | S67: =S39+S49+S54+S65 -> 73989684 | T67: =S67/S36 -> 0.88383543
B69: 3. DIFERENCIA (1 - 2) | G69: =G36-G67 -> 4846835.6 | H69: =G69/G36 -> 0.063377161 | M69: =M36-M67 -> 4764965.3 | N69: =M69/M36 -> 0.062631511 | S69: =S36-S67 -> 9724638.1 | T69: =S69/S36 -> 0.11616457
B70: 4. UTILIDAD MÍNIMA | E70: 0.1 | G70: =E70*G36 -> 7647606.1 | H70: =G70/G36 -> 0.1 | K70: 0.1 | M70: =K70*M36 -> 7607936.1 | N70: =M70/M36 -> 0.1 | Q70: 0.1 | S70: =Q70*S36 -> 8371432.2 | T70: =S70/S36 -> 0.1
B72: 5. VALOR RESIDUAL SUELO (3 - 4) | D72: =G72/H3 -> -527.0632 | G72: =G69-G70 -> -2800770.5 | H72: =G72/G36 -> -0.036622839 | J72: =M72/N3 -> -535.00467 | M72: =M69-M70 -> -2842970.8 | N72: =M72/M36 -> -0.037368489 | P72: =S72/T3 -> 254.65315 | S72: =S69-S70 -> 1353205.9 | T72: =S72/S36 -> 0.016164569
B73: 6. VALOR COMERCIAL PROY. SUELO | D73: =H7 -> 1164.546 | G73: =(E6*(1+H6))*H3 -> 6188301.6 | H73: =G73/G36 -> 0.080918153 | J73: =N7 -> 1164.546 | M73: =(K6*(1+N6))*N3 -> 6188301.6 | N73: =M73/M36 -> 0.081340084 | P73: =T7 -> 1164.546 | S73: =(Q6*(1+T6))*T3 -> 6188301.6 | T73: =S73/S36 -> 0.07392166
B75: 7. Diferencia Vlr RESIDUAL - COMERCIAL (5 - 6) | E75: Margen (7 / 6) | F75: =G75/G73 -> -1.4525911 | G75: =G72-G73 -> -8989072.1 | H75: =G75/G36 -> -0.11754099 | K75: Margen (7 / 6) | L75: =M75/M73 -> -1.4594105 | M75: =M72-M73 -> -9031272.4 | N75: =M75/M36 -> -0.11870857 | Q75: Margen (7 / 6) | R75: =S75/S73 -> -0.78132839 | S75: =S72-S73 -> -4835095.7 | T75: =S75/S36 -> -0.057757091
B77: 8. UTILIDAD - PAGANDO SUELO VLR COMERCIAL (3 - 6) | G77: =G69-G73 -> -1341466 | H77: =G77/G36 -> -0.017540992 | M77: =M69-M73 -> -1423336.3 | N77: =M77/M36 -> -0.018708573 | S77: =S69-S73 -> 3536336.5 | T77: =S77/S36 -> 0.042242909
H79: Ejercicio | N79: Ejercicio | T79: Ejercicio
H80: =D10 -> ACTUACIÓN MANZANA SIN ANTEJARDÍN SOBRE MALLA VIAL ARTERIAL | N80: =J10 -> ACTUACIÓN MANZANA SIN ANTEJARDÍN SOBRE MALLA VIAL ARTERIAL | T80: =P10 -> ACTUACIÓN MANZANA SIN ANTEJARDÍN SOBRE MALLA VIAL ARTERIAL
B83: Ubicación | H83: Calle 56Sur - Cra 19c | N83: Calle 56Sur - Cra 19c | T83: Calle 56Sur - Cra 19c
B85: Área del predio | H85: =H3 -> 5313.9177 | N85: =N3 -> 5313.9177 | T85: =T3 -> 5313.9177
B86: Edificabilidad | H86: =H4 -> 21323.207 | N86: =N4 -> 17284.896 | T86: =T4 -> 21204.739
B87: (Ic) | H87: =H5 -> 4.0127093 | N87: =N5 -> 3.2527595 | T87: =T5 -> 3.9904153
B88: VIS /VIP (unidades) | H88: =D13+D17 -> 93 | N88: =J13+J17 -> 93 | T88: =P13+P17 -> 0
B89: No VIS (unidades) | H89: =D21 -> 374 | N89: =J21 -> 372 | T89: =P21 -> 465
B90: Comercio | H90: =D24 -> 1654.4562 | N90: =J24 -> 1639.4345 | T90: =P24 -> 1640.7222
B91: Servicios | H91: =D28 -> 0 | N91: =J28 -> 0 | T91: =P28 -> 0
B93: Ventas | H93: =G36 -> 76476061 | N93: =M36 -> 76079361 | T93: =S36 -> 83714322
B94: Cargas | H94: =G39 -> 259805.63 | N94: =M39 -> 39110.434 | T94: =S39 -> 39110.434
B95: Cargas % | H95: =H39 -> 0.0033972151 | N95: =N39 -> 0.00051407417 | T95: =T39 -> 0.00046718929
B96: Obras en espacio público | H96: =G49 -> 2144472.9 | N96: =M49 -> 2144472.9 | T96: =S49 -> 2144472.9
B97: Costos directos | H97: =G54 -> 51635453 | N97: =M54 -> 51632559 | T97: =S54 -> 52551806
B98: Costos indirectos | H98: =G65 -> 17589494 | N98: =M65 -> 17498253 | T98: =S65 -> 19254294
B99: Residual | H99: =G72 -> -2800770.5 | N99: =M72 -> -2842970.8 | T99: =S72 -> 1353205.9
B100: Utilidad resultante | H100: =G77 -> -1341466 | N100: =M77 -> -1423336.3 | T100: =S77 -> 3536336.5
B101: Utilidad resultante % | H101: =H77 -> -0.017540992 | N101: =N77 -> -0.018708573 | T101: =T77 -> 0.042242909
B103: Precio m2 vivienda No VIS | H103: =F20 -> 3900 | N103: =L20 -> 3900 | T103: =R20 -> 3900
B104: Precio m2 comercio | H104: =F24 -> 4600 | N104: =L24 -> 4600 | T104: =R24 -> 4600
B105: Precio m2 servicios | H105: =F28 -> 0 | N105: =L28 -> 0 | T105: =R28 -> 0

Sheet $ Mercado Sur oriente
H1: PROMEDIO | I1: =AVERAGE(I6:I27) -> 3922885
H2: MIN | I2: =MIN(I6:I27) -> 3264513.9
H3: MAX | I3: =MAX(I6:I27) -> 4993177
H4: MEDIANA | I4: =MEDIAN(I6:I27) -> 3853152.2
A5: Puesto | B5: Codproyecto | C5: Proyecto | D5: Vende | E5: Construye | F5: Dirección | G5: Zona | H5: Sub Zona | I5: $ Prom. Oferta m2 | J5: Meses Activo Semestre | K5: Ventas Prom. Mes Un. (Sem) | L5: Ventas Prom. Mes $. (Sem) | M5: Un. Disponible | N5: Fecha Inicio Ventas | O5: Calificación % | P5: Total Unidades Proy. | Q5: Ventas Totales (Un) | R5: Venta Prom. Total (Un) | S5: % Vendido Total (Un) | T5: Precio Prom. Oferta | U5: Ventas Mes (Un) | V5: Ventas Mes ($mm) | W5: Area Prom. Oferta | X5: Tipo | Y5: Tipo de Vivienda ( Vis o No Vis )
A6: 429 | B6: 407153 | C6: Ed. Sin Nombre | D6: Independiente | E6: Independiente | F6: Cr. 7B # 22A-70 Sur | G6: Sur Oriente | H6: 20 de Julio | I6: N.A. | J6: 1 | K6: 2 | L6: 780 | M6: 0 | N6: 43831 | O6: 0.6744186 | P6: 9 | Q6: 9 | R6: 0.5625 | S6: 1 | T6: 390 | U6: 0 | V6: 0 | W6: N.A. | X6: Apto./ | Y6: No Vis/
A7: 459 | B7: 407061 | C7: Edif. Toledo | D7: Independiente | E7: Independiente | F7: Cr. 10 # 19-33 Sur | G7: Sur Oriente | H7: 20 de Julio | I7: 4068244.6 | J7: 6 | K7: 2.1666667 | L7: 696.19707 | M7: 4 | N7: 43556 | O7: 0.6627907 | P7: 60 | Q7: 56 | R7: 1.8666667 | S7: 0.93333333 | T7: 336.74679 | U7: 1 | V7: 344 | W7: 83.23 | X7: Apto./ | Y7: No Vis/
A8: 499 | B8: 407140 | C8: Tiziano | D8: RCH Const. | E8: RCH Const. | F8: Cl. 32 Sur # 26D-55 | G8: Sur Oriente | H8: Prim. Mayo | I8: 4993177 | J8: 6 | K8: 2.8333333 | L8: 564.8 | M8: 29 | N8: 44044 | O8: 0.60465116 | P8: 60 | Q8: 31 | R8: 2.2142857 | S8: 0.51666667 | T8: 202.50836 | U8: 2 | V8: 337 | W8: 40.178276 | X8: Apto./ | Y8: No Vis/
A9: 545 | B9: 407199 | C9: Ed. Steel Tower | D9: Independiente | E9: Independiente | F9: Cl. 27B Sur # 35-15 | G9: Sur Oriente | H9: Prim. Mayo | I9: 4200000 | J9: 5 | K9: 1.4 | L9: 441 | M9: 5 | N9: 44317 | O9: 0.54651163 | P9: 12 | Q9: 7 | R9: 1.4 | S9: 0.58333333 | T9: 315 | U9: 3 | V9: 945 | W9: 75 | X9: Apto./ | Y9: No Vis/
A10: 564 | B10: 407154 | C10: Avanzzare | D10: Constructora Avanzzare | E10: Constructora Avanzzare | F10: Cr. 33 # 41-96 Sur | G10: Sur Oriente | H10: Aut. Sur | I10: N.A. | J10: 4 | K10: 1.75 | L10: 410 | M10: 0 | N10: 43983 | O10: 0.51162791 | P10: 30 | Q10: 30 | R10: 2 | S10: 1 | T10: 237.26667 | U10: 0 | V10: 0 | W10: N.A. | X10: Apto./ | Y10: No Vis/
A11: 590 | B11: 407092 | C11: Ed. Manantial | D11: Independiente | E11: Independiente | F11: Cr. 8 # 22B-52 Sur | G11: Sur Oriente | H11: 20 de Julio | I11: N.A. | J11: 5 | K11: 1.2 | L11: 356.2 | M11: 0 | N11: 43739 | O11: 0.5 | P11: 22 | Q11: 22 | R11: 0.91666667 | S11: 1 | T11: 321.76 | U11: 1 | V11: 348 | W11: N.A. | X11: Apto./ | Y11: No Vis/
A12: 617 | B12: 407062 | C12: Balcones de la Valvanera | D12: Bienes Inmob. de Col. | E12: Bienes Inmob. de Col. | F12: Cr. 24B # 13-27 Sur | G12: Sur Oriente | H12: Prim. Mayo | I12: N.A. | J12: 1 | K12: 1 | L12: 320 | M12: 0 | N12: 43586 | O12: 0.48837209 | P12: 24 | Q12: 24 | R12: 1 | S12: 1 | T12: 320 | U12: 0 | V12: 0 | W12: N.A. | X12: Apto./ | Y12: No Vis/
A13: 671 | B13: 407058 | C13: Santa Ana II .. | D13: Const. Monte Blanco | E13: Const. Monte Blanco | F13: Cl. 11 Sur # 1A-09 | G13: Sur Oriente | H13: 20 de Julio | I13: N.A. | J13: 2 | K13: 1 | L13: 240.65 | M13: 0 | N13: 43586 | O13: 0.44186047 | P13: 21 | Q13: 21 | R13: 0.80769231 | S13: 1 | T13: 238.7 | U13: 0 | V13: 0 | W13: N.A. | X13: Apto./ | Y13: No Vis/
A14: 679 | B14: 407176 | C14: Ed. Emar | D14: Const. Marbol | E14: Const. Marbol | F14: Cl. 32 Sur # 7A24 | G14: Sur Oriente | H14: 20 de Julio | I14: N.A. | J14: 3 | K14: 1 | L14: 232.66667 | M14: 0 | N14: 43831 | O14: 0.43023256 | P14: 18 | Q14: 18 | R14: 0.94736842 | S14: 1 | T14: 232.66667 | U14: 0 | V14: 0 | W14: N.A. | X14: Apto./ | Y14: No Vis/
A15: 698 | B15: 407067 | C15: Torre Riovista | D15: RGA Arq. | E15: RGA Arq. | F15: Cl. 31Bis Sur # 26D-06 | G15: Sur Oriente | H15: Prim. Mayo | I15: N.A. | J15: 1 | K15: 1 | L15: 215 | M15: 0 | N15: 43586 | O15: 0.39534884 | P15: 37 | Q15: 37 | R15: 1.5416667 | S15: 1 | T15: 215 | U15: 0 | V15: 0 | W15: N.A. | X15: Apto./ | Y15: No Vis/
A16: 708 | B16: 407200 | C16: Ed. Arbok | D16: Arbok Construcciones | E16: Arbok Construcciones | F16: Dg. 40 Sur # 26-41 | G16: Sur Oriente | H16: Prim. Mayo | I16: 3511214.2 | J16: 4 | K16: 1.5 | L16: 200 | M16: 4 | N16: 44348 | O16: 0.38372093 | P16: 10 | Q16: 6 | R16: 1.5 | S16: 0.6 | T16: 196.25397 | U16: 2 | V16: 230 | W16: 64.65 | X16: Apto./ | Y16: No Vis/
A17: 741 | B17: 407124 | C17: Ed. Alcala | D17: Independiente | E17: Independiente | F17: Cl. 36 Sur # 51D-53 | G17: Sur Oriente | H17: Prim. Mayo | I17: N.A. | J17: 3 | K17: 0.66666667 | L17: 163.33333 | M17: 0 | N17: 43831 | O17: 0.36046512 | P17: 8 | Q17: 8 | R17: 0.42105263 | S17: 1 | T17: 245 | U17: 0 | V17: 0 | W17: N.A. | X17: Apto./ | Y17: No Vis/
A18: 742 | B18: 407111 | C18: Mult. Santa Lucia | D18: Independiente | E18: Independiente | F18: Cr. 25A # 44-72 Sur | G18: Sur Oriente | H18: Aut. Sur | I18: N.A. | J18: 1 | K18: 1 | L18: 160 | M18: 0 | N18: 43800 | O18: 0.34883721 | P18: 12 | Q18: 12 | R18: 0.66666667 | S18: 1 | T18: 160 | U18: 0 | V18: 0 | W18: N.A. | X18: Apto./ | Y18: No Vis/
A19: 769 | B19: 407151 | C19: Meraki | D19: Gonzalez & Cia Inm. | E19: Gonzalez & Cia Inm. | F19: Cl. 48C # 25-78 Sur | G19: Sur Oriente | H19: Aut. Sur | I19: N.A. | J19: 3 | K19: 0.66666667 | L19: 135.01667 | M19: 0 | N19: 43831 | O19: 0.3372093 | P19: 9 | Q19: 9 | R19: 0.47368421 | S19: 1 | T19: 218.55 | U19: 0 | V19: 0 | W19: N.A. | X19: Apto./ | Y19: No Vis/
A20: 772 | B20: 407171 | C20: Ed. Multif. Morava | D20: Const. Morava | E20: Const. Morava | F20: Dg. 52 Sur # 28-72 | G20: Sur Oriente | H20: Aut. Sur | I20: 3264513.9 | J20: 6 | K20: 0.83333333 | L20: 132.58333 | M20: 2 | N20: 44228 | O20: 0.3255814 | P20: 9 | Q20: 7 | R20: 0.875 | S20: 0.77777778 | T20: 177.34167 | U20: 1 | V20: 185 | W20: 56.67 | X20: Apto./ | Y20: No Vis/
A21: 793 | B21: 407201 | C21: Sin Nombre | D21: Codespro | E21: Codespro | F21: Cl. 35 Sur # 26-59 | G21: Sur Oriente | H21: Prim. Mayo | I21: 3638059.7 | J21: 5 | K21: 0.6 | L21: 117 | M21: 5 | N21: 44317 | O21: 0.29069767 | P21: 8 | Q21: 3 | R21: 0.6 | S21: 0.375 | T21: 195 | U21: 0 | V21: 0 | W21: 53.6 | X21: Apto./ | Y21: No Vis/
A22: 799 | B22: 407125 | C22: Ed. Ebenezzer | D22: Independiente | E22: Independiente | F22: Tv. 35 # 27B-21 Sur | G22: Sur Oriente | H22: Prim. Mayo | I22: 4283582.1 | J22: 6 | K22: 0.5 | L22: 111.5 | M22: 1 | N22: 43831 | O22: 0.27906977 | P22: 12 | Q22: 11 | R22: 0.52380952 | S22: 0.91666667 | T22: 265.66667 | U22: 0 | V22: 0 | W22: 67 | X22: Apto./ | Y22: No Vis/
A23: 812 | B23: 407179 | C23: Ed. Madre de Dios | D23: Independiente | E23: Independiente | F23: Cr. 24G # 13-81 Sur | G23: Sur Oriente | H23: Prim. Mayo | I23: 4076923.1 | J23: 6 | K23: 0.33333333 | L23: 88.333333 | M23: 2 | N23: 44075 | O23: 0.26744186 | P23: 8 | Q23: 6 | R23: 0.46153846 | S23: 0.75 | T23: 265 | U23: 0 | V23: 0 | W23: 65 | X23: Apto./ | Y23: No Vis/
A24: 852 | B24: 407096 | C24: Domus 35-S | D24: COE Ingenieria | E24: COE Ingenieria | F24: Cl. 35 Sur # 52-82 | G24: Sur Oriente | H24: Prim. Mayo | I24: 3567424.3 | J24: 6 | K24: 0.16666667 | L24: 58.333333 | M24: 1 | N24: 43739 | O24: 0.24418605 | P24: 4 | Q24: 3 | R24: 0.125 | S24: 0.75 | T24: 349.16667 | U24: 0 | V24: 0 | W24: 98.11 | X24: Apto./ | Y24: No Vis/
A25: 914 | B25: 407102 | C25: Ed. Santander | D25: DM Construcciones | E25: DM Construcciones | F25: Cr. 26A # 23-06 Sur | G25: Sur Oriente | H25: Prim. Mayo | I25: 3435099 | J25: 6 | K25: 0 | L25: 0 | M25: 10 | N25: 43770 | O25: 0.1627907 | P25: 12 | Q25: 2 | R25: 0.086956522 | S25: 0.16666667 | T25: 422.5 | U25: 0 | V25: 0 | W25: 122.995 | X25: Apto./ | Y25: No Vis/
A26: 918 | B26: 407160 | C26: Enki I | D26: ENKI | E26: ENKI | F26: Cr. 26C # 35-36 Sur | G26: Sur Oriente | H26: Prim. Mayo | I26: 4435155 | J26: 6 | K26: 0 | L26: 0 | M26: 5 | N26: 44136 | O26: 0.15116279 | P26: 8 | Q26: 3 | R26: 0.27272727 | S26: 0.375 | T26: 217.5 | U26: 1 | V26: 217.5 | W26: 49.04 | X26: Apto./ | Y26: No Vis/
A27: 940 | B27: 407095 | C27: Ed. Quiroga | D27: Independiente | E27: Independiente | F27: Cr. 24 # 35A-49 Sur | G27: Sur Oriente | H27: Prim. Mayo | I27: 3601227 | J27: 6 | K27: 0 | L27: 0 | M27: 5 | N27: 43709 | O27: 0.13953488 | P27: 9 | Q27: 4 | R27: 0.16 | S27: 0.44444444 | T27: 234.8 | U27: 0 | V27: 0 | W27: 65.2 | X27: Apto./ | Y27: No Vis/
B32: COMERCIO | C32: 1250000000 | D32: 271 | E32: =C32/D32 -> 4612546.1
